 Dungeon Crawl Stone Soup version 0.19.0-24-gb05acd6 (webtiles) character file.

1952 Television the Cleaver (level 8, -6/73 HPs)
             Began as a Mottled Draconian Monk on Nov 20, 2016.
             Was a Priest of Uskayaw.
             Mangled by a gnoll sergeant
             ... wielding a +3 glaive
              (13 damage)
             ... in a bailey.
             The game lasted 00:18:53 (5944 turns).

Television the Cleaver (Mottled Draconian Monk)     Turns: 5944, Time: 00:18:54

Health: -6/73      AC: 10    Str: 13    XL:     8   Next: 99%
Magic:  11/11      EV: 14    Int: 11    God:    Uskayaw [***...]
Gold:   259        SH:  0    Dex: 16    Spells: 1 memorised, 6 levels left

rFire  . . .     SeeInvis .     a - +0 hand axe
rCold  . . .     Gourm    .     (armour unavailable)
rNeg   . . .     Faith    .     (no shield)
rPois  .         Spirit   .     (helmet restricted)
rElec  .         Reflect  .     c - +2 cloak
rCorr  .         Harm     .     A - +0 pair of gloves
MR     .....                    (no boots)
Stlth  ++........               G - amulet of regeneration
                                j - ring of flight
                                C - +1 ring of evasion

@: flying
A: breathe sticky flame splash, unfitting armour, cold-blooded, AC +6
a: Breathe Sticky Flame, Stomp, Line Pass, Renounce Religion


You were in a bailey.
You worshipped Uskayaw.
Uskayaw was noncommittal.
You were not hungry.

You visited 2 branches of the dungeon, and saw 9 of its levels.
You also visited: Sewer and Bailey.

You collected 259 gold pieces.

Inventory:

Hand Weapons
 a - a +0 hand axe (weapon)
 H - a +0 blowgun
Missiles
 v - 7 tomahawks (quivered)
 I - 7 poisoned needles
 J - 3 throwing nets
Armour
 c - a +2 cloak (worn)
 A - a +0 pair of gloves (worn)
Magical Staves
 u - an uncursed staff of fire
Jewellery
 j - a ring of flight (right hand)
 l - an uncursed ring of fire
 m - an uncursed amulet of guardian spirit
 C - a +1 ring of evasion (left hand)
 G - an amulet of regeneration (around neck)
Wands
 q - a wand of lightning (8/15)
 y - a wand of lightning (0/15)
Scrolls
 d - a scroll of enchant weapon {unknown}
 e - a scroll of immolation {unknown}
 h - a scroll of summoning {unknown}
 k - a scroll of fear
 o - a scroll of noise {unknown}
 p - a scroll of amnesia
 r - 2 scrolls of remove curse
 s - a scroll of teleportation {unknown}
 w - a scroll of magic mapping
 D - a scroll of random uselessness {unknown}
Potions
 g - a potion of haste
 i - a potion of flight
 n - a potion of brilliance
 t - a potion of agility {unknown}
 z - a potion of might
 B - a potion of curing
Books
 f - a book of Changes

   Spells                             Type                      Level
   a - Beastly Appendage              Transmutation                1
   b - Sticks to Snakes               Transmutation                2
   c - Spider Form                    Transmutation/Poison         3
   d - Ice Form                       Ice/Transmutation            4
   e - Blade Hands                    Transmutation                5
Comestibles
 b - 4 bread rations
 E - 2 beef jerkies
 F - a meat ration


   Skills:
 + Level 7.5 Fighting
 * Level 9.4 Axes
 - Level 2.6 Dodging
 - Level 1.7 Stealth
 + Level 4.7 Invocations


You had 6 spell levels left.
You knew the following spells:

 Your Spells              Type           Power        Failure   Level  Hunger
a - Beastly Appendage     Tmut           #.....       34%         1    ##.....


Dungeon Overview and Level Annotations

Branches:
Dungeon (8/15)             Temple (1/1) D:4
   Lair: D:8-11

Altars:
Cheibriados
Qazlal
Trog
Uskayaw

Annotations:
D:3 Sigmund
D:5 Kenran's ghost, amateur NaFi


Innate Abilities, Weirdness & Mutations

You can spit globs of burning liquid.
You can ignite nearby creatures when you spit burning liquid.
Your weird mottled scales are hard. (AC +6)
You cannot fit into any form of body armour.
You are cold-blooded and may be slowed by cold attacks.


Message History

The gnoll sergeant is almost dead.
The gnoll hits you from afar with a spear.
* * * LOW HITPOINT WARNING * * *
You hit the gnoll sergeant but do no damage.
You tail-slap the gnoll sergeant, but do no damage.
The gnoll sergeant is almost dead.
The gnoll sergeant closely misses you.
You hit the gnoll sergeant but do no damage.
You tail-slap the gnoll sergeant, but do no damage.
The gnoll sergeant is almost dead.
The gnoll hits you from afar with a spear.
* * * LOW HITPOINT WARNING * * *
The gnoll sergeant barely misses you.
You hit the gnoll sergeant but do no damage.
The gnoll sergeant is almost dead.
The gnoll barely misses you.
The gnoll sergeant hits you from afar with a halberd!
* * * LOW HITPOINT WARNING * * *
The gnoll sergeant hits you from afar with an enchanted glaive!
You die...

### ♣@♣ ♣.♣ ♣♣g♣♣
♣♣gg.♣♣♣♣
♣♣♣♣..)....♣♣
♣♣♣.....).....♣♣♣
♣.......).......♣
≈≈≈≈≈≈≈...≈≈≈≈≈≈≈
≈.......g.......≈


You could see 2 gnoll sergeants and a gnoll.

Vanquished Creatures
  A black bear (D:6)
  A phantom (D:6)
  A centaur (D:6)
  A big kobold (D:7)
  3 gnoll sergeants (Bailey)
  4 bullfrogs
  A wyvern zombie (D:7)
  A bullfrog zombie (D:7)
  A centaur zombie (D:5)
  3 hounds
  An orc priest (D:6)
  4 orc wizards
  A bullfrog skeleton (D:7)
  A gnoll shaman (Bailey)
  3 iguanas
  Ijyb (D:2)
  Natasha (thrice) (D:3)
  7 worker ants
  A worker ant zombie (D:7)
  15 gnolls
  13 adders
  2 shadow imps
  An ooze (D:4)
  2 worms
  7 dart slugs
  7 leopard geckos
  12 orcs
  8 giant cockroaches
  6 hobgoblins
  5 kobolds
  3 quokkas
  2 ball pythons
  6 bats
  14 frilled lizards
  10 goblins
  A jackal zombie (D:5)
  7 rats
160 creatures vanquished.

Vanquished Creatures (others)
  An orc (D:6)
1 creature vanquished.

Grand Total: 161 creatures vanquished

Notes
Turn   | Place    | Note
-------+----------+-------------------------------------------
     0 | D:1      | Television the Draconian Monk began the quest for the Orb.
     0 | D:1      | Reached XP level 1. HP: 19/19 MP: 1/1
    89 | D:1      | Reached XP level 2. HP: 19/26 MP: 2/2
   422 | D:1      | Reached XP level 3. HP: 32/33 MP: 3/3
   620 | D:2      | Reached skill level 4 in Axes
   826 | D:2      | Noticed an orc warrior
   895 | D:2      | Noticed Ijyb
   911 | D:2      | Killed Ijyb
   911 | D:2      | Reached XP level 4. HP: 24/40 MP: 4/4
  1404 | D:3      | Noticed Natasha
  1432 | D:3      | Killed Natasha
  1459 | D:3      | Noticed Natasha
  1473 | D:3      | Killed Natasha
  1473 | D:3      | Reached skill level 5 in Axes
  1473 | D:3      | Reached XP level 5. HP: 26/47 MP: 3/5
  1480 | D:3      | Noticed Natasha
  1489 | D:3      | Killed Natasha
  1578 | D:3      | Noticed Sigmund
  1955 | D:4      | Found a staircase to the Ecumenical Temple.
  1964 | Temple   | Entered the Ecumenical Temple
  1981 | Temple   | Became a worshipper of Uskayaw the Reveler
  1981 | Temple   | Reached * piety under Uskayaw
  2008 | D:4      | Found a glowing drain.
  2029 | D:4      | Reached ** piety under Uskayaw
  2039 | D:4      | Reached skill level 5 in Fighting
  2079 | D:4      | Reached XP level 6. HP: 41/56 MP: 4/6
  2087 | D:4      | Reached *** piety under Uskayaw
  2193 | Sewer    | Entered a sewer
  2328 | Sewer    | Reached skill level 6 in Axes
  2382 | Sewer    | Learned a level 1 spell: Beastly Appendage
  2976 | D:4      | Your scales start taking on a weird mottled colour.
  2976 | D:4      | Reached XP level 7. HP: 61/62 MP: 7/7
  2983 | D:5      | Entered Level 5 of the Dungeon
  3094 | D:5      | Reached skill level 1 in Invocations
  3153 | D:5      | Reached skill level 7 in Axes
  3424 | D:5      | Found a snail-covered altar of Cheibriados.
  3637 | D:5      | Noticed Kenran's ghost (amateur NaFi)
  4017 | D:6      | Reached **** piety under Uskayaw
  4291 | D:6      | Reached XP level 8. HP: 66/71 MP: 10/10
  4334 | D:6      | Reached skill level 8 in Axes
  4350 | D:6      | Reached ***** piety under Uskayaw
  5180 | D:7      | Noticed a komodo dragon
  5635 | D:8      | Found a flagged portal.
  5650 | Bailey   | Entered a bailey
  5689 | Bailey   | Reached skill level 9 in Axes
  5944 | Bailey   | Mangled by a gnoll sergeant

Skill      XL: |  1  2  3  4  5  6  7  8 |
---------------+-------------------------+-----
Fighting       | 4 5 6 7 |  7.5
Axes           | 4 5 6 7 9 |  9.4
Invocations    | 3 4 |  4.7
Dodging        | |  2.6
Stealth        | |  1.7

Action                   |  1- 3 |  4- 6 |  7- 9 || total
-------------------------+-------+-------+-------++-------
Melee: Hand axe          |   122 |   281 |   490 ||   893
       Tailslap          |    16 |    33 |    82 ||   131
Throw: Tomahawk          |       |     6 |    10 ||    16
Evoke: Wand              |       |       |     8 ||     8
  Use: Scroll            |     3 |     1 |     5 ||     9
       Potion            |     1 |     3 |     2 ||     6
 Stab: Sleeping          |     2 |       |     3 ||     5
       Paralysed         |       |     1 |    26 ||    27
  Eat: Chunk             |       |     8 |    10 ||    18
Armor: Skin              |    28 |   113 |   117 ||   258
Dodge: Dodged            |    65 |   177 |   311 ||   553
